 Dungeon Sprint DCSS version 0.16-a0-3841-g2612308 (console) character file.

11400 Monkaria the Fencer (level 11, -7/110 HPs)
             Began as a Hill Orc Fighter on Jan 30, 2015.
             Was a Plaything of Xom.
             Engulfed by a fire crab (shapeshifter)'s flame (11 damage)
             ... in the Dungeon (Sprint IX: "|||||||||||||||||||||||||||||").
             The game lasted 00:12:25 (3229 turns).

Monkaria the Fencer (Hill Orc Fighter)              Turns: 3229, Time: 00:12:26

Health: -7/110     AC: 24    Str: 23    XL:     11   Next: 77%
Magic:  11/11      EV: 12    Int: 11    God:    Xom [*.....]
Gold:   1273       SH: 12    Dex: 13    Spells: 0 memorised, 10 levels left

rFire  . . .     SeeInvis .     G - +5 scimitar (flame)
rCold  . . .     Clarity  .     D - +0 plate armour
rNeg   . . .     SustAb   .     c - +0 shield
rPois  .         Gourm    .     q - +2 helmet
rElec  .         Spirit   .     x - +0 cloak
rCorr  .         Warding  .     y - +1 pair of gloves
rMut   .         NoTele   +     (no boots)
MR     .....                    (no amulet)
Stlth  ..........               t - +3 ring of dexterity
                                s - +3 ring of intelligence

@: slowed, drained, very slow, not resistant to hostile enchantments, extremely
unstealthy
A: repulsion field 1, blurry vision 1
a: Renounce Religion


You were in the Dungeon.
You worshipped Xom.
You were a special plaything of Xom.
You were near starving.

You visited 1 branch You collected 1273 gold pieces.

Inventory:

Hand weapons
 u - a +0 blowgun
 G - a +5 scimitar of flaming (weapon)
Missiles
 z - 3 curare-tipped needles
 A - 5 tomahawks (quivered)
Armour
 c - a +0 shield (worn)
 q - a +2 helmet (worn)
 x - a +0 cloak (worn)
 y - a +1 pair of gloves (worn)
 D - a +0 plate armour (worn)
Jewellery
 s - a +3 ring of intelligence (left hand)
 t - a +3 ring of dexterity (right hand)
Magical devices
 b - a wand of teleportation (4)
 f - a wand of frost (0)
 o - a wand of draining (0)
Scrolls
 a - 4 scrolls of identify
 k - 2 scrolls of blinking
 m - 4 scrolls of remove curse
 n - 2 scrolls of amnesia
Potions
 g - a potion of heal wounds
 h - a potion of haste
 i - 4 potions of magic
 j - 2 potions of berserk rage
 l - 3 potions of curing
Comestibles
 d - 13 meat rations
 v - 38 fruits
 w - 12 bread rations


   Skills:
 - Level 14.0(12.9) Fighting
 - Level 17.1(15.9) Long Blades
   Level 2.7(2.0) Axes
 - Level 16.2(15.1) Armour
 + Level 8.4(7.5) Dodging
 - Level 11.4(10.4) Shields


You had 10 spell levels left.
You didn't know any spells.

Dungeon Overview and Level Annotations

Branches:
Dungeon (1/1)

Altars:
Cheibriados
Dithmenos
Elyvilon
Fedhas
Gozag
Kikubaaqudgha
Makhleb
Nemelex Xobeh
Okawaru
Qazlal
Ru
Sif Muna
Trog
Vehumet
Xom
Yredelemnul
Zin
The Shining One
Beogh
Jiyva
Lugonu

Shops:
D =*}


Innate Abilities, Weirdness & Mutations

You are surrounded by a mild repulsion field (EV +2).
Scrolls take you a little longer to read.


Message History

The fire crab is severely wounded.
You are engulfed in roaring flames.
The fire crab bites you but does no damage.
You block the fire crab's attack.
You hit the fire crab but do no damage.
The fire crab is severely wounded.
You are engulfed in roaring flames.
* * * LOW HITPOINT WARNING * * *
The fire crab breathes flames at you. The blast of flame engulfs you!
You barely miss the fire crab.
The fire crab is severely wounded.
You are engulfed in roaring flames.
The fire crab breathes flames at you. The blast of flame misses you.
You hit the fire crab but do no damage.
The fire crab is severely wounded.
You are engulfed in roaring flames.
You die...
Xom chuckles heartily!

, +
,▓)▓.▓.▓.▓.▓ *
* *c
▓.▓.▓.▓.▓.▓
*,*,*
▓.▓.▓'▓.▓.▓ ,
▓.▓§▓.▓.▓)▓ *,
, ,▓.▓§▓.▓.▓'▓
*,*,▓k▓§▓.▓.▓.▓
, ,▓.▓§▓.▓.▓.▓
* ,▓.▓§▓.▓.▓.▓
,*,▓.▓@▓.▓.▓.▓
▓§t§▓...▓<▓
▓▓▓▓▓▓▓▓▓▓▓


You could see a fire crab shaped shifter.

Vanquished Creatures
  A great orb of eyes (shapeshifter) (D)
  A hydra (D)
  3 death yaks (D)
  An orc high priest (D)
  A skeletal warrior (D)
  2 catoblepae (D)
  An orc knight (D)
  A hill giant (D)
  An ugly thing (D)
  Maurice (D)
  A spiny frog (D)
  2 black mambas (D)
  A troll (D)
  A komodo dragon (D)
  Sonja (D)
  A trapdoor spider (D)
  2 yaks (D)
  2 orc zombies (D)
  A deep elf mage (D)
  A hungry ghost (D)
  A hippogriff (D)
  A water moccasin (D)
  8 orc warriors (D)
  A porcupine (D)
  2 black bears (D)
  A crocodile (D)
  2 giant frogs (D)
  4 orc priests (D)
  A crimson imp (D)
  An iguana (D)
  2 orc wizards (D)
  A worker ant (D)
  4 adders (D)
  2 shadow imps (D)
  2 ufetubi (D)
  A spectral adder (D)
  An adder skeleton (D)
  10 orcs (D)
  A bat zombie (D)
  4 hobgoblins (D)
  2 quokkas (D)
  3 bats (D)
81 creatures vanquished.

Vanquished Creatures (collateral kills)
  A death yak (D)
  2 orc knights (D)
  A yak (D)
4 creatures vanquished.

Vanquished Creatures (others)
  A dancing weapon (D)
  An orc sorcerer (D)
  A neqoxec (D)
  2 crimson imps (D)
  An iron imp (D)
  3 quasits (D)
  A hound (D)
  2 white imps (D)
  An ufetubus (D)
  2 orcs (D)
  A kobold (D)
  A rat (D)
17 creatures vanquished.

Grand Total: 102 creatures vanquished

Notes
Turn   | Place    | Note
--------------------------------------------------------------
     0 | D        | Monkaria, the Hill Orc Fighter, began the quest for the Orb.
     0 | D        | Reached XP level 1. HP: 19/19 MP: 1/1
    10 | D        | Reached skill level 4 in Fighting
   167 | D        | Reached skill level 5 in Fighting
   167 | D        | Reached XP level 2. HP: 12/29 MP: 2/2
   173 | D        | Reached skill level 5 in Long Blades
   173 | D        | Reached XP level 3. HP: 29/36 MP: 3/3
   188 | D        | Reached skill level 6 in Long Blades
   200 | D        | Found a glowing silver altar of Zin.
   200 | D        | Found a glowing golden altar of the Shining One.
   200 | D        | Found an ancient bone altar of Kikubaaqudgha.
   200 | D        | Found a basalt altar of Yredelemnul.
   200 | D        | Found a shimmering altar of Xom.
   200 | D        | Found a radiant altar of Vehumet.
   200 | D        | Found an iron altar of Okawaru.
   201 | D        | Found a burning altar of Makhleb.
   202 | D        | Found a deep blue altar of Sif Muna.
   203 | D        | Found a bloodstained altar of Trog.
   204 | D        | Found a sparkling altar of Nemelex Xobeh.
   205 | D        | Found a white marble altar of Elyvilon.
   206 | D        | Found a roughly hewn altar of Beogh.
   207 | D        | Found a viscous altar of Jiyva.
   208 | D        | Found a corrupted altar of Lugonu.
   209 | D        | Found a blossoming altar of Fedhas.
   210 | D        | Found a snail-covered altar of Cheibriados.
   211 | D        | Found a shadowy altar of Dithmenos.
   212 | D        | Found a stormy altar of Qazlal.
   213 | D        | Found an opulent altar of Gozag.
   214 | D        | Found a sacrificial altar of Ru.
   290 | D        | Became a worshipper of Xom of Chaos
   328 | D        | Noticed a black bear
   328 | D        | Noticed a troll
   328 | D        | Noticed a hill giant
   328 | D        | XOM: potion effect (berserk rage)
   329 | D        | XOM: potion effect (curing)
   330 | D        | XOM: potion effect (might)
   333 | D        | Killed a hill giant
   333 | D        | Reached skill level 10 in Fighting
   333 | D        | Reached skill level 13 in Long Blades
   333 | D        | Reached XP level 4. HP: 53/53 MP: 4/4
   333 | D        | Reached XP level 5. HP: 59/59 MP: 5/5
   333 | D        | Reached XP level 6. HP: 67/67 MP: 6/6
   333 | D        | Reached XP level 7. HP: 73/73 MP: 7/7
   341 | D        | XOM: potion effect (curing)
   345 | D        | Killed a troll
   345 | D        | Reached skill level 14 in Long Blades
   347 | D        | Killed a black bear
   347 | D        | Reached XP level 8. HP: 75/83 MP: 8/8
   481 | D        | Noticed a skeletal warrior
   481 | D        | Noticed a deep elf mage
   481 | D        | Noticed a worker ant
   481 | D        | Noticed a purple ugly thing
   481 | D        | Noticed a hungry ghost
   485 | D        | Killed a hungry ghost
   491 | D        | Killed a purple ugly thing
   491 | D        | Reached skill level 15 in Long Blades
   497 | D        | Killed a worker ant
   498 | D        | XOM: potion effect (haste)
   501 | D        | XOM: potion effect (heal wounds)
   506 | D        | Killed a deep elf mage
   506 | D        | Reached skill level 16 in Long Blades
   517 | D        | XOM: harmless Summ miscast
   525 | D        | XOM: potion effect (agility)
   535 | D        | Killed a skeletal warrior
   535 | D        | Reached skill level 17 in Long Blades
   535 | D        | Reached XP level 9. HP: 58/95 MP: 9/9
   547 | D        | Gained mutation: You are surrounded by a mild repulsion field (EV +2). [mutagenic meat]
   804 | D        | Noticed a water moccasin
   804 | D        | Noticed a black mamba
   804 | D        | Noticed a spiny frog
   804 | D        | Noticed an iguana
   804 | D        | Noticed a giant frog
   807 | D        | Killed a giant frog
   809 | D        | Killed an iguana
   809 | D        | XOM: potion effect (brilliance)
   814 | D        | Killed a spiny frog
   814 | D        | XOM: chaos cloud
   815 | D        | XOM: noise
   819 | D        | Noticed a crocodile
   821 | D        | a black mamba changed into a trapdoor spider
   829 | D        | Paralysed by you for 6 turns
   848 | D        | Killed a black mamba
   848 | D        | Reached skill level 10 in Armour
   850 | D        | Killed a water moccasin
   852 | D        | XOM: enchant monster (bad)
   855 | D        | Killed a crocodile
   864 | D        | Gained mutation: Scrolls take you a little longer to read. [mutagenic glow]
   957 | D        | XOM: summons 4 hostile demons
  1144 | D        | XOM: mild Erth miscast
  1150 | D        | Noticed a seven-headed hydra
  1150 | D        | Noticed a griffon
  1150 | D        | Noticed a hippogriff
  1150 | D        | Noticed a komodo dragon
  1150 | D        | Noticed a black mamba
  1150 | D        | Noticed a black bear
  1150 | D        | Noticed a giant frog
  1152 | D        | Killed a giant frog
  1153 | D        | Killed a black bear
  1153 | D        | Killed a komodo dragon
  1153 | D        | Reached XP level 10. HP: 103/103 MP: 10/10
  1154 | D        | Killed a hippogriff
  1155 | D        | Killed a black mamba
  1194 | D        | a griffon changed into a giant leech
  1194 | D        | XOM: polymorph griffon -> giant leech
  1194 | D        | Noticed a great orb of eyes
  1194 | D        | a giant leech changed into a great orb of eyes
  1197 | D        | Killed a great orb of eyes
  1201 | D        | Killed a four-headed hydra
  1201 | D        | Reached skill level 15 in Armour
  1202 | D        | Noticed a death yak
  1207 | D        | Noticed a porcupine
  1219 | D        | Killed a death yak
  1223 | D        | Killed a porcupine
  1353 | D        | Noticed a catoblepas
  1353 | D        | Noticed a death yak
  1353 | D        | Noticed a death yak
  1353 | D        | Noticed a death yak
  1353 | D        | Noticed a catoblepas
  1353 | D        | Noticed a yak
  1353 | D        | Noticed a yak
  1358 | D        | Noticed a yak
  1358 | D        | Killed a yak
  1362 | D        | Killed a yak
  1362 | D        | Reached skill level 5 in Shields
  1367 | D        | XOM: enchant monster (good)
  1398 | D        | XOM: confuse monster(s)
  1401 | D        | XOM: blink monster(s)
  1403 | D        | XOM: summons 3 friendly demons
  1407 | D        | Killed a yak
  1412 | D        | Killed a death yak
  1412 | D        | Reached XP level 11. HP: 75/110 MP: 11/11
  1417 | D        | Killed a catoblepas
  1417 | D        | XOM: fog
  1427 | D        | Killed a death yak
  1427 | D        | XOM: chaos cloud
  1432 | D        | Killed a death yak
  1432 | D        | Reached skill level 10 in Shields
  1435 | D        | Paralysed by you for 2 turns
  1438 | D        | Killed a catoblepas
  1745 | D        | XOM: scenery: 1 doors open, 1 doors close
  1984 | D        | Noticed Maurice
  1990 | D        | Killed Maurice
  2012 | D        | Noticed Sonja
  2025 | D        | HP: 3/110 [Sonja/uncursed short sword of distortion (19)]
  2046 | D        | XOM: confuse monster(s)
  2048 | D        | Killed Sonja
  2095 | D        | Noticed an orc priest
  2095 | D        | Noticed an orc wizard
  2095 | D        | Noticed an orc priest
  2095 | D        | Noticed an orc priest
  2096 | D        | Killed an orc priest
  2098 | D        | Killed an orc priest
  2100 | D        | Killed an orc wizard
  2103 | D        | Noticed an orc wizard
  2112 | D        | Killed an orc priest
  2113 | D        | Noticed an orc priest
  2117 | D        | Noticed an orc warrior
  2118 | D        | XOM: divination: detect creatures
  2119 | D        | XOM: harmless Ice miscast
  2123 | D        | Killed an orc wizard
  2134 | D        | Killed an orc warrior
  2136 | D        | Killed an orc priest
  2426 | D        | Noticed an orc knight
  2426 | D        | Noticed an orc knight
  2426 | D        | Noticed an orc warrior
  2426 | D        | Noticed an orc warrior
  2426 | D        | Noticed an orc warrior
  2426 | D        | Noticed an orc warrior
  2428 | D        | Killed an orc warrior
  2428 | D        | XOM: swap weapons
  2430 | D        | Noticed an orc warrior
  2432 | D        | Noticed an orc knight
  2436 | D        | Noticed an orc warrior
  2446 | D        | XOM: divination: detect items
  2459 | D        | an orc warrior changed into a hound
  2459 | D        | XOM: polymorph orc warrior -> hound
  2462 | D        | Killed an orc knight
  2462 | D        | Reached skill level 5 in Dodging
  2463 | D        | XOM: destruction
  2470 | D        | Noticed an orc warrior
  2471 | D        | Noticed an orc warrior
  2488 | D        | Killed an orc knight
  2492 | D        | XOM: summons 2 friendly demons
  2505 | D        | Killed an orc warrior
  2519 | D        | XOM: summons 4 friendly demons
  2535 | D        | Killed an orc knight
  2548 | D        | Killed an orc warrior
  2548 | D        | Reached skill level 1 in Axes
  2560 | D        | Killed an orc warrior
  2562 | D        | XOM: divination: magic mapping
  2567 | D        | XOM: chaos upgrade
  2579 | D        | XOM: enchant monster (bad)
  2586 | D        | Killed an orc warrior
  2593 | D        | XOM: harmless Conj miscast
  2609 | D        | Killed an orc warrior
  2612 | D        | Killed an orc warrior
  2729 | D        | XOM: noise
  2874 | D        | XOM: medium Tloc miscast
  3101 | D        | Found Jacwiash's Gadget Boutique.
  3101 | D        | Noticed an orc sorcerer
  3101 | D        | Noticed an orc high priest
  3103 | D        | Found Iseamp's General Store.
  3107 | D        | Killed an orc high priest
  3108 | D        | Noticed an orc knight
  3109 | D        | Noticed an orc sorcerer
  3112 | D        | Found Brioquecw's Jewellery Boutique.
  3113 | D        | Noticed an orc knight
  3114 | D        | XOM: summons friendly quasit
  3124 | D        | XOM: enchant monster (good)
  3126 | D        | an orc sorcerer changed into a komodo dragon
  3127 | D        | Noticed a ghost crab
  3127 | D        | a komodo dragon changed into a ghost crab
  3127 | D        | XOM: polymorph komodo dragon -> ghost crab
  3128 | D        | XOM: summons 2 hostile shadow creatures
  3132 | D        | XOM: chaos upgrade
  3132 | D        | Killed an orc sorcerer
  3133 | D        | XOM: draining
  3135 | D        | Noticed a spectral five-headed hydra
  3148 | D        | Noticed a spectral alligator snapping turtle
  3204 | D        | Noticed a death drake
  3210 | D        | a death drake changed into a boulder beetle
  3211 | D        | Noticed a fire crab
  3211 | D        | a boulder beetle changed into a fire crab
  3212 | D        | XOM: harmless Erth miscast
  3223 | D        | XOM: divination: detect items
  3227 | D        | HP: 3/110 [fire crab (shapeshifter)] (19)]
  3229 | D        | Engulfed by a fire crab (shapeshifter)'s flame

Action                   |  1- 3 |  4- 6 |  7- 9 | 10-12 || total
-------------------------+-------+-------+-------+-------++-------
Melee: Long sword        |    57 |       |       |    30 ||    87
       Scimitar          |     5 |       |   113 |   156 ||   274
       Hand axe          |       |       |       |    72 ||    72
 Fire: Blowgun           |       |       |       |     5 ||     5
Throw: Tomahawk          |       |       |       |     4 ||     4
Evoke: Wand              |       |       |     2 |     5 ||     7
  Use: Potion            |     1 |       |       |    12 ||    13
       Scroll            |       |       |     4 |     4 ||     8
 Stab: Invisible         |       |       |     1 |     2 ||     3
  Eat: Chunk             |       |       |     3 |     5 ||     8
       Fruit             |       |       |       |     2 ||     2
